[gd_scene load_steps=42 format=3 uid="uid://fop2lbdn635k"]

[ext_resource type="Texture2D" uid="uid://btbkjl7wapx1s" path="res://sprites/characters/patients/patient_04/idle/pacient_04_IDLE_8FPS.png" id="1_wkyve"]
[ext_resource type="Texture2D" uid="uid://ccnbnhup3hwed" path="res://sprites/characters/patients/patient_04/run/pacient_04_RUN_BACK_8FPS.png" id="2_uileq"]
[ext_resource type="Texture2D" uid="uid://cg7kwqpvnd54g" path="res://sprites/characters/patients/patient_04/run/pacient_04_RUN_FRONT_8FPS.png" id="3_rnkyr"]
[ext_resource type="Texture2D" uid="uid://bj74fkqd7avwa" path="res://sprites/characters/patients/patient_04/run/pacient_04_RUN_LEFTSIDE_8FPS.png" id="4_1fmay"]
[ext_resource type="Texture2D" uid="uid://xm45xyh5uipk" path="res://sprites/characters/patients/patient_04/run/pacient_04_RUN_RIGHTSIDE_8FPS.png" id="5_46xmh"]

[sub_resource type="AtlasTexture" id="AtlasTexture_65nom"]
atlas = ExtResource("1_wkyve")
region = Rect2(0, 0, 16, 18)

[sub_resource type="AtlasTexture" id="AtlasTexture_5fi5y"]
atlas = ExtResource("1_wkyve")
region = Rect2(16, 0, 16, 18)

[sub_resource type="AtlasTexture" id="AtlasTexture_kbc6s"]
atlas = ExtResource("1_wkyve")
region = Rect2(32, 0, 16, 18)

[sub_resource type="AtlasTexture" id="AtlasTexture_n8gtq"]
atlas = ExtResource("1_wkyve")
region = Rect2(48, 0, 16, 18)

[sub_resource type="AtlasTexture" id="AtlasTexture_vxdbo"]
atlas = ExtResource("1_wkyve")
region = Rect2(64, 0, 16, 18)

[sub_resource type="AtlasTexture" id="AtlasTexture_5awht"]
atlas = ExtResource("1_wkyve")
region = Rect2(80, 0, 16, 18)

[sub_resource type="AtlasTexture" id="AtlasTexture_1trw0"]
atlas = ExtResource("1_wkyve")
region = Rect2(96, 0, 16, 18)

[sub_resource type="AtlasTexture" id="AtlasTexture_e220u"]
atlas = ExtResource("1_wkyve")
region = Rect2(112, 0, 16, 18)

[sub_resource type="AtlasTexture" id="AtlasTexture_wvjqf"]
atlas = ExtResource("1_wkyve")
region = Rect2(128, 0, 16, 18)

[sub_resource type="AtlasTexture" id="AtlasTexture_5o2aj"]
atlas = ExtResource("1_wkyve")
region = Rect2(144, 0, 16, 18)

[sub_resource type="AtlasTexture" id="AtlasTexture_sylp2"]
atlas = ExtResource("1_wkyve")
region = Rect2(160, 0, 16, 18)

[sub_resource type="AtlasTexture" id="AtlasTexture_nqylg"]
atlas = ExtResource("1_wkyve")
region = Rect2(176, 0, 16, 18)

[sub_resource type="AtlasTexture" id="AtlasTexture_lju4m"]
atlas = ExtResource("1_wkyve")
region = Rect2(192, 0, 16, 18)

[sub_resource type="AtlasTexture" id="AtlasTexture_0kuwb"]
atlas = ExtResource("1_wkyve")
region = Rect2(208, 0, 16, 18)

[sub_resource type="AtlasTexture" id="AtlasTexture_244vt"]
atlas = ExtResource("1_wkyve")
region = Rect2(224, 0, 16, 18)

[sub_resource type="AtlasTexture" id="AtlasTexture_wupas"]
atlas = ExtResource("1_wkyve")
region = Rect2(240, 0, 16, 18)

[sub_resource type="AtlasTexture" id="AtlasTexture_vdcm0"]
atlas = ExtResource("1_wkyve")
region = Rect2(256, 0, 16, 18)

[sub_resource type="AtlasTexture" id="AtlasTexture_wuyn3"]
atlas = ExtResource("1_wkyve")
region = Rect2(272, 0, 16, 18)

[sub_resource type="AtlasTexture" id="AtlasTexture_nc6r2"]
atlas = ExtResource("1_wkyve")
region = Rect2(288, 0, 16, 18)

[sub_resource type="AtlasTexture" id="AtlasTexture_kophl"]
atlas = ExtResource("2_uileq")
region = Rect2(0, 0, 16, 18)

[sub_resource type="AtlasTexture" id="AtlasTexture_wdgvi"]
atlas = ExtResource("2_uileq")
region = Rect2(16, 0, 16, 18)

[sub_resource type="AtlasTexture" id="AtlasTexture_5431k"]
atlas = ExtResource("2_uileq")
region = Rect2(32, 0, 16, 18)

[sub_resource type="AtlasTexture" id="AtlasTexture_nx17u"]
atlas = ExtResource("2_uileq")
region = Rect2(48, 0, 16, 18)

[sub_resource type="AtlasTexture" id="AtlasTexture_ua820"]
atlas = ExtResource("3_rnkyr")
region = Rect2(0, 0, 16, 18)

[sub_resource type="AtlasTexture" id="AtlasTexture_eljf1"]
atlas = ExtResource("3_rnkyr")
region = Rect2(16, 0, 16, 18)

[sub_resource type="AtlasTexture" id="AtlasTexture_1n52j"]
atlas = ExtResource("3_rnkyr")
region = Rect2(32, 0, 16, 18)

[sub_resource type="AtlasTexture" id="AtlasTexture_86oc6"]
atlas = ExtResource("3_rnkyr")
region = Rect2(48, 0, 16, 18)

[sub_resource type="AtlasTexture" id="AtlasTexture_0tjkg"]
atlas = ExtResource("4_1fmay")
region = Rect2(0, 0, 16, 18)

[sub_resource type="AtlasTexture" id="AtlasTexture_pweo4"]
atlas = ExtResource("4_1fmay")
region = Rect2(16, 0, 16, 18)

[sub_resource type="AtlasTexture" id="AtlasTexture_m2a72"]
atlas = ExtResource("4_1fmay")
region = Rect2(32, 0, 16, 18)

[sub_resource type="AtlasTexture" id="AtlasTexture_04fjp"]
atlas = ExtResource("4_1fmay")
region = Rect2(48, 0, 16, 18)

[sub_resource type="AtlasTexture" id="AtlasTexture_7gk0x"]
atlas = ExtResource("5_46xmh")
region = Rect2(0, 0, 16, 18)

[sub_resource type="AtlasTexture" id="AtlasTexture_d7mbx"]
atlas = ExtResource("5_46xmh")
region = Rect2(16, 0, 16, 18)

[sub_resource type="AtlasTexture" id="AtlasTexture_1eodq"]
atlas = ExtResource("5_46xmh")
region = Rect2(32, 0, 16, 18)

[sub_resource type="AtlasTexture" id="AtlasTexture_fqw5m"]
atlas = ExtResource("5_46xmh")
region = Rect2(48, 0, 16, 18)

[sub_resource type="SpriteFrames" id="SpriteFrames_l0gjy"]
animations = [{
"frames": [{
"duration": 1.0,
"texture": SubResource("AtlasTexture_65nom")
}, {
"duration": 1.0,
"texture": SubResource("AtlasTexture_5fi5y")
}, {
"duration": 1.0,
"texture": SubResource("AtlasTexture_kbc6s")
}, {
"duration": 1.0,
"texture": SubResource("AtlasTexture_n8gtq")
}, {
"duration": 1.0,
"texture": SubResource("AtlasTexture_vxdbo")
}, {
"duration": 1.0,
"texture": SubResource("AtlasTexture_5awht")
}, {
"duration": 1.0,
"texture": SubResource("AtlasTexture_1trw0")
}, {
"duration": 1.0,
"texture": SubResource("AtlasTexture_e220u")
}, {
"duration": 1.0,
"texture": SubResource("AtlasTexture_wvjqf")
}, {
"duration": 1.0,
"texture": SubResource("AtlasTexture_5o2aj")
}, {
"duration": 1.0,
"texture": SubResource("AtlasTexture_sylp2")
}, {
"duration": 1.0,
"texture": SubResource("AtlasTexture_nqylg")
}, {
"duration": 1.0,
"texture": SubResource("AtlasTexture_lju4m")
}, {
"duration": 1.0,
"texture": SubResource("AtlasTexture_0kuwb")
}, {
"duration": 1.0,
"texture": SubResource("AtlasTexture_244vt")
}, {
"duration": 1.0,
"texture": SubResource("AtlasTexture_wupas")
}, {
"duration": 1.0,
"texture": SubResource("AtlasTexture_vdcm0")
}, {
"duration": 1.0,
"texture": SubResource("AtlasTexture_wuyn3")
}, {
"duration": 1.0,
"texture": SubResource("AtlasTexture_nc6r2")
}],
"loop": true,
"name": &"idle",
"speed": 8.0
}, {
"frames": [{
"duration": 1.0,
"texture": SubResource("AtlasTexture_kophl")
}, {
"duration": 1.0,
"texture": SubResource("AtlasTexture_wdgvi")
}, {
"duration": 1.0,
"texture": SubResource("AtlasTexture_5431k")
}, {
"duration": 1.0,
"texture": SubResource("AtlasTexture_nx17u")
}],
"loop": true,
"name": &"run_back",
"speed": 8.0
}, {
"frames": [{
"duration": 1.0,
"texture": SubResource("AtlasTexture_ua820")
}, {
"duration": 1.0,
"texture": SubResource("AtlasTexture_eljf1")
}, {
"duration": 1.0,
"texture": SubResource("AtlasTexture_1n52j")
}, {
"duration": 1.0,
"texture": SubResource("AtlasTexture_86oc6")
}],
"loop": true,
"name": &"run_front",
"speed": 8.0
}, {
"frames": [{
"duration": 1.0,
"texture": SubResource("AtlasTexture_0tjkg")
}, {
"duration": 1.0,
"texture": SubResource("AtlasTexture_pweo4")
}, {
"duration": 1.0,
"texture": SubResource("AtlasTexture_m2a72")
}, {
"duration": 1.0,
"texture": SubResource("AtlasTexture_04fjp")
}],
"loop": true,
"name": &"run_left",
"speed": 8.0
}, {
"frames": [{
"duration": 1.0,
"texture": SubResource("AtlasTexture_7gk0x")
}, {
"duration": 1.0,
"texture": SubResource("AtlasTexture_d7mbx")
}, {
"duration": 1.0,
"texture": SubResource("AtlasTexture_1eodq")
}, {
"duration": 1.0,
"texture": SubResource("AtlasTexture_fqw5m")
}],
"loop": true,
"name": &"run_right",
"speed": 8.0
}]

[node name="Patient4Base" type="AnimatedSprite2D"]
position = Vector2(0, -47)
scale = Vector2(5.2, 5.2)
sprite_frames = SubResource("SpriteFrames_l0gjy")
animation = &"idle"
frame = 16
frame_progress = 0.437306
